 Dungeon Crawl Stone Soup version 0.31-a0-271-gb88eb75 (webtiles) character file.

Game seed: 16352828151806061286

114 Dawnplanks the Chiller (level 4, 0/27 HPs)
             Began as an Octopode Ice Elementalist on July 14, 2023.
             Slain by Grinder (7 damage)
             ... on level 3 of the Dungeon.
             The game lasted 00:04:24 (2065 turns).

Dawnplanks the Chiller (Octopode Ice Elementalist)  Turns: 2065, Time: 00:04:25

Health: 0/27       AC:  7    Str:  7    XL:     4   Next: 98%
Magic:  0/8        EV: 13    Int: 17    God:
Gold:   177        SH:  0    Dex: 14    Spells: 4/8 levels left

rFire   . . .        m - +2 dagger (speed)
rCold   . . .        (no shield)
rNeg    . . .        k - +0 hat
rPois   .            (no amulet)
rElec   .            (no ring)
rCorr   .            (no ring)
SInv    .            (no ring)
Will    .....        (no ring)
Stlth   ++++         (no ring)
HPRegen 0.24/turn    (no ring)
MPRegen 0.11/turn    (no ring)
                     (no ring)

%: no passive effects
@: ice-armoured
A: almost no armour, amphibious, 8 rings, camouflage 1, gelatinous body 1,
(nimble swimmer 1), tentacles
a: no special abilities


You were on level 3 of the Dungeon.
You visited 1 branch of the dungeon, and saw 3 of its levels.

You collected 177 gold pieces.

Inventory:

Hand Weapons
 g - a +0 spear
 m - a +2 dagger of speed (weapon)
Armour
 k - a +0 hat (worn)
Scrolls
 b - a scroll of enchant weapon {unknown}
 c - a scroll of blinking {unknown}
 e - 4 scrolls of identify {unknown}
 f - a scroll of teleportation {unknown}
 l - 2 scrolls of poison {unknown}
Potions
 a - a potion of magic
 d - a potion of haste {unknown}
 h - a potion of degeneration {unknown}
 i - a potion of cancellation {unknown}
 j - 2 potions of curing {unknown}
 n - a potion of brilliance {unknown}


   Skills:
 + Level 0.5 Fighting
 + Level 2.2 Dodging
 + Level 3.9 Stealth
 + Level 2.7 Spellcasting
 * Level 5.1 Ice Magic


You had 4 spell levels left.
You knew the following spells:

 Your Spells              Type           Power      Damage    Failure   Level
a - Freeze                Ice            76%        1d8       2%          1
b - Ozocubu's Armour      Ice            19%        N/A       6%          3

Your spell library contained the following spells:

 Spells                   Type           Power      Damage    Failure   Level
 Frozen Ramparts          Ice            38%        1d6       6%          3
 Summon Ice Beast         Ice/Summ       11%        N/A       52%         4


Dungeon Overview and Level Annotations

Branches:
Dungeon (3/15)

Altars:

Annotations:
D:2 1 runed translucent door, Crazy Yiuf
D:3 Grinder


Innate Abilities, Weirdness & Mutations

You cannot wear most types of armour.
You are amphibious.
You can wear up to eight rings at the same time.
Your skin changes colour to match your surroundings (Stealth+).
Your rubbery body absorbs attacks. (AC +1, EV +1)
((You are camouflaged when in or above water. (Stealth+)))
You have tentacles for arms and can constrict up to eight enemies at once.


Message History

Grinder gestures at you. Pain shoots through your body!
You freeze Grinder but do no damage.
Grinder completely resists.
Grinder misses you.
Casting: Freeze (safe; 2% risk of failure)
Confirm with . or Enter, or press ? or * to list all spells.
Aiming: Freeze (safe; 2% risk of failure)
Press: ? - help, Shift-Dir - straight line, f/p - Grinder
Aim: Grinder (lightly wounded)
You freeze Grinder but do no damage.
Grinder completely resists.
Grinder hits you.
You writhe in agony.
* * * LOW HITPOINT WARNING * * *
Casting: Freeze (safe; 2% risk of failure)
Confirm with . or Enter, or press ? or * to list all spells.
Aiming: Freeze (safe; 2% risk of failure)
Press: ? - help, Shift-Dir - straight line, f/p - Grinder
Aim: Grinder (lightly wounded)
You freeze Grinder.
Grinder resists.
Grinder is lightly wounded.
Grinder hits you but does no damage.
Casting: Freeze (safe; 2% risk of failure)
Confirm with . or Enter, or press ? or * to list all spells.
Aiming: Freeze (safe; 2% risk of failure)
Press: ? - help, Shift-Dir - straight line, f/p - Grinder
Aim: Grinder (lightly wounded)
You freeze Grinder.
Grinder resists.
Grinder is lightly wounded.
Grinder gestures at you.
You suddenly lose the ability to move!
Grinder hits you but does no damage.
You can move again.
Casting: Freeze (safe; 2% risk of failure)
Confirm with . or Enter, or press ? or * to list all spells.
Aiming: Freeze (safe; 2% risk of failure)
Press: ? - help, Shift-Dir - straight line, f/p - Grinder
Aim: Grinder (lightly wounded)
You freeze Grinder.
Grinder resists.
Grinder is lightly wounded.
Grinder hits you!
You die...

# #>###....#
#........# #####...##
##.## #.#
########.######
####.............####
..?.......5[.........
##.......##@......###
#.........####.#..#
..........# ....#
..........# #...#
.#........# ..>#
#.5....... ##.#
#.#......#. .#


You could see Grinder.

Vanquished Creatures
  Jessica (D:2)
  3 adders
  A worm (D:2)
  2 dart slugs
  An orc (D:3)
  5 bats
  4 endoplasms
  A giant cockroach (D:2)
  3 goblins
  3 hobgoblins
  2 jackals (D:2)
  6 quokkas
  6 ball pythons
  2 frilled lizards (D:3)
  6 kobolds
  4 rats
50 creatures vanquished.

Notes
Turn   | Place    | Note
-------+----------+-------------------------------------------
     0 | D:1      | Dawnplanks the Octopode Ice Elementalist began the quest
                  | for the Orb.
     0 | D:1      | Reached XP level 1. HP: 11/11 MP: 3/3
   362 | D:1      | Reached XP level 2. HP: 17/17 MP: 5/5
   651 | D:1      | Found a faded altar of an unknown god.
   960 | D:2      | Reached XP level 3. HP: 21/21 MP: 6/6
  1070 | D:2      | Learned a level 3 spell: Ozocubu's Armour
  1195 | D:2      | Noticed Jessica
  1201 | D:2      | Killed Jessica
  1202 | D:2      | Reached skill level 5 in Ice Magic
  1202 | D:2      | Reached XP level 4. HP: 18/27 MP: 4/7
  1589 | D:2      | Found a runed translucent door.
  1590 | D:2      | Noticed Crazy Yiuf
  2038 | D:3      | Noticed Grinder
  2063 | D:3      | Paralysed by Grinder for 2 turns
  2065 | D:3      | Slain by Grinder

Illustrated notes

Levels and vault maps discovered:
D:1:      eino_arrival_water_cross, layout_loops_cross,
          chequers_ecumenical_altar_simple, serial_forest,
          infiniplex_forest_fountain, infiniplex_forest_lined_3,
          infiniplex_forest_lined_room_3, infiniplex_forest_end_3,
          infiniplex_forest_clump_diagonal, infiniplex_forest_straight_3
D:2:      layout_rooms, uniq_jessica, uniq_crazy_yiuf_cottage
D:3:      layout_loops_ring, mainiacjoe_overflow_brackets,
          kennysheep_generic_room_11, uniq_sigmund, uniq_grinder

Skill      XL: |  1  2  3 |
---------------+----------+-----
Stealth        | 3 |  3.9
Ice Magic      | 5 |  5.1
Fighting       | |  0.5
Dodging        | |  2.2
Spellcasting   | |  2.7

Action                     |  1- 3 |  4- 6 || total
---------------------------+-------+-------++-------
  Melee: Short sword       |    47 |       ||    47
         Tentacles         |    11 |     3 ||    14
         Constrict         |     8 |     6 ||    14
         Dagger            |       |    15 ||    15
   Cast: Freeze            |    13 |    27 ||    40
         Ozocubu's Armour  |     1 |     2 ||     3
   Stab: Sleeping          |    14 |     2 ||    16
 Armour: Skin              |     8 |     3 ||    11
  Dodge: Dodged            |    25 |    23 ||    48

Table legend: (Time is in decaauts)
 A = Elapsed time spent in this place.
 B = Non-inter-level travel time spent in this place.
 C = Inter-level travel time spent in this place.
 D = Time resting spent in this place.
 E = Time spent auto-exploring this place.
 F = Levels seen in this place.
 G = Mean time per level.
                   A        B        C        D        E       F      G
               +--------+--------+--------+--------+--------+-----+--------+
         Total |   2058 |   1935 |    123 |      0 |   1563 |   3 |  686.0 |
       Dungeon |   2058 |   1935 |    123 |      0 |   1563 |   3 |  686.0 |
               +--------+--------+--------+--------+--------+-----+--------+

Top non-repeatable levels by time:
     D:2: 964 daAuts
     D:1: 808 daAuts
     D:3: 286 daAuts
